 Dungeon Crawl Stone Soup version 0.22.1-6-g1668fe2 (webtiles) character file.

78 Kairos the Skirmisher (level 4, 24/24 HPs)
             Began as a Vine Stalker Fighter on Jan 23, 2019.
             Was a Follower of Elyvilon.
             Quit the game on level 2 of the Dungeon.
             The game lasted 00:01:59 (804 turns).

Kairos the Skirmisher (Vine Stalker Fighter)         Turns: 804, Time: 00:02:01

Health: 24/24      AC:  6    Str: 19    XL:     4   Next: 36%
Magic:  5/5        EV:  7    Int:  8    God:    Elyvilon [*.....]
Gold:   41         SH:  9    Dex: 14    Spells: 3/3 levels left

rFire    . . .     SeeInvis .   a - +1 war axe
rCold    . . .     Gourm    .   c - +0 shield
rNeg     . . .     Faith    .   b - +0 scale mail
rPois    .         Spirit   +   (no helmet)
rElec    .         Reflect  .   (no cloak)
rCorr    .         Harm     .   (no gloves)
MR       .....                  (no boots)
Stlth    ..........             (no amulet)
HPRegen  0.48/turn              (no ring)
MPRegen  0.09/turn              (no ring)

@: berserk cooldown, slowed, very slow
A: fangs 2, regeneration 1, magic shield, antimagic bite, no potion heal 3, rot
immunity
a: Lesser Healing, Divine Protection, Renounce Religion


You were on level 2 of the Dungeon.
You worshipped Elyvilon.
Elyvilon was aware of your devotion.
You were not hungry.

You visited 1 branch of the dungeon, and saw 2 of its levels.

You collected 41 gold pieces.

Inventory:

Hand Weapons
 a - a +1 war axe (weapon)
Armour
 b - a +0 scale mail (worn)
 c - a +0 shield (worn)
Scrolls
 h - a scroll of identify
Potions
 d - a potion of might
 g - a potion of haste {unknown}
 j - 2 potions of brilliance
Comestibles
 f - 3 rations


   Skills:
 + Level 3.2 Fighting
 + Level 2.9 Axes
 + Level 2.7 Armour
 + Level 0.1 Dodging
 + Level 3.1 Shields


You had 3 spell levels left.
You didn't know any spells.
Your spell library was empty.

Dungeon Overview and Level Annotations

Branches:
Dungeon (2/15)

Altars:
Dithmenos
Elyvilon


Innate Abilities, Weirdness & Mutations

You have extremely sharp teeth.
Your natural rate of healing is unusually fast.
When hurt, damage is shared between your health and your magic reserves.
Your bite disrupts and absorbs the magic of your enemies.
Potions cannot restore your health.
You are immune to rotting.


Message History

You block the rat's attack.
There is a stone staircase leading up here.
The rat closely misses you.
You closely miss the rat. The rat bites you but does no damage.
You slash the rat!
You kill the rat!
You now have 41 gold pieces (gained 8).
Things that are here:
a rat corpse; a kobold corpse It was a potion of berserk rage.
A red film seems to cover your vision as you go berserk!
You feel yourself moving faster!
You feel mighty!
You feel a strong urge to attack something.
You feel your anger nearly subside.
You are no longer berserk.
You are exhausted.
You feel yourself slow down.
Found a stone staircase leading down.
Found a stone staircase leading down.
Are you sure you want to abandon this character and quit the game? (Confirm

........†...## .....#
####.........###......
.................#..##
####........#....>.##
#...............##
...#..............######
#.............>.........
........................
.......$.......@..###
..................#
..................#
.......#........##
######........#
#.......... #........>.#
#..........#


There were no monsters in sight!

Vanquished Creatures
  Jessica (D:2)
  An adder (D:2)
  2 dart slugs
  A leopard gecko (D:2)
  3 giant cockroaches
  2 goblins
  5 hobgoblins
  3 jackals (D:1)
  2 ball pythons (D:1)
  2 bats (D:2)
  A frilled lizard (D:1)
  5 kobolds
  10 rats
38 creatures vanquished.

Notes
Turn   | Place    | Note
-------+----------+-------------------------------------------
     0 | D:1      | Kairos the Vine Stalker Fighter began the quest for the
                  | Orb.
     0 | D:1      | Reached XP level 1. HP: 11/11 MP: 2/2
    53 | D:1      | Reached XP level 2. HP: 14/16 MP: 3/3
   426 | D:1      | Reached XP level 3. HP: 17/20 MP: 4/4
   619 | D:2      | Found a faded altar of an unknown god.
   646 | D:2      | Became a worshipper of Elyvilon the Healer
   646 | D:2      | Reached * piety under Elyvilon
   700 | D:2      | Found a shadowy altar of Dithmenos.
   724 | D:2      | Noticed Jessica
   771 | D:2      | Killed Jessica
   771 | D:2      | Gained mutation: Your natural rate of healing is unusually
                  | fast. [Vine Stalker growth]
   771 | D:2      | Reached XP level 4. HP: 7/24 MP: 3/5
   804 | D:2      | Quit the game

Skill      XL: |  1  2  3 |
---------------+----------+-----
Axes           | 2 |  2.9
Fighting       | 3 |  3.2
Shields        | 3 |  3.1
Armour         | |  2.7
Dodging        | |  0.1

Action                   |  1- 3 |  4- 6 || total
-------------------------+-------+-------++-------
Melee: War axe           |    58 |     4 ||    62
       Bite              |    11 |       ||    11
Invok: Lesser Healing    |     4 |       ||     4
       Divine Protection |     1 |       ||     1
  Use: Scroll            |     3 |       ||     3
       Potion            |       |     1 ||     1
Armor: Scale mail        |    20 |     2 ||    22
Dodge: Dodged            |    15 |     3 ||    18
Block: Shield            |    36 |     2 ||    38
